AoeStats
← BATMAN

Glade

510638577Analyzed
1v1 RM · 2d ago on Oct 1, 2026· 48m 46s· 2 players
Game mode
Random Map
Map size
Tiny (2 player)
Population
200
Speed
Normal
Resources
Standard
Victory
Conquest
Starting age
Dark Age
Ending age
Imperial Age
RankedLock teamsTeams togetherTeam positionsShared explorationLock speedFull tech treeHidden civsTurbo modeCheats
Victory
Defeat
🇺🇦 Khmer · Ukraine
629
+17
🇮🇳 Vietnamese · India
658
-29
BATMAN
10:33 Feudal Age
11:51 Double-Bit Axe
12:15 Horse Collar
15:37 Gold Mining
19:58 Castle Age
17:58 Man-at-Arms
21:13 Bow Saw
21:09 Heavy Plow
20:35 Long Swordsman
22:26 Gold Shaft Mining
21:43 Stone Mining
24:10 Wheelbarrow
23:21 Loom
23:21 Town Watch
24:16 Gold Shaft Mining
23:54 Pikeman
26:42 Forging
26:33 Scale Mail Armor
27:50 Town Patrol
28:08 Hand Cart
32:46 Imperial Age
31:27 Stone Shaft Mining
32:39 Chain Mail Armor
32:59 Iron Casting
33:19 Heavy Scorpion
34:35 Double Crossbow
35:07 Two-Handed Swordsman
35:07 Halberdier
37:01 Crop Rotation
38:30 Arson
39:31 Conscription
R0NIN
7:23 Loom
9:44 Feudal Age
13:39 Double-Bit Axe
13:42 Horse Collar
19:06 Castle Age
19:37 Fletching
20:20 Bow Saw
20:12 Heavy Plow
20:23 Stone Mining
22:07 Crossbowman
24:44 Herbal Medicine
25:29 Bodkin Arrow
25:35 Padded Archer Armor
26:05 Pikeman
27:06 Forging
26:57 Scale Mail Armor
27:55 Thumb Ring
29:47 Ballistics
29:10 Treadmill Crane
31:38 Ballistics
33:24 Wheelbarrow
36:16 Imperial Age
35:36 Iron Casting
35:19 Arson
35:35 Squires
37:44 Bracer
38:46 Leather Archer Armor
39:56 Two-Man Saw
38:47 Arbalester
40:41 Scale Barding Armor
41:00 Murder Holes
44:59 Chemistry
Connection lost

Rejoining the realm…

Still unreachable

The connection could not be restored.

Session expired

The server has moved on; the page needs a fresh start.